AoeStats
← ...CGR...

Arena

507567303Analyzed
2v2 RM · 12d ago on Sep 18, 2026· 42m 6s· 4 players
Game mode
Random Map
Map size
Medium (4 player)
Population
200
Speed
Normal
Resources
Standard
Victory
Conquest
Starting age
Dark Age
Ending age
Imperial Age
RankedLock teamsTeams togetherTeam positionsShared explorationLock speedFull tech treeHidden civsTurbo modeCheats
Victory
Defeat
🇮🇳 Slavs · India
772
+19
🇮🇳 Mongols · India
764
+19
🇳🇱 Franks · Netherlands
945
-23
🇹🇷 Khmer · Türkiye
729
-15
huntsman112
10:35 Feudal Age
11:33 Double-Bit Axe
18:01 Castle Age
17:31 Horse Collar
18:54 Man-at-Arms
19:35 Long Swordsman
21:02 Squires
21:37 Bow Saw
23:14 Heavy Plow
24:22 Forging
24:13 Scale Mail Armor
29:35 Wheelbarrow
30:00 Iron Casting
33:08 Hand Cart
43:40 Imperial Age
41:32 Gold Mining
ScareCroW
9:56 Feudal Age
10:42 Horse Collar
10:48 Double-Bit Axe
16:44 Castle Age
15:25 Scale Barding Armor
16:11 Forging
18:07 Bloodlines
17:58 Husbandry
19:27 Gold Mining
21:47 Wheelbarrow
27:40 Iron Casting
30:10 Chain Barding Armor
34:04 Imperial Age
34:09 Elite Steppe Lancer
Mortingen Şıtrayze
10:18 Feudal Age
10:51 Double-Bit Axe
10:54 Loom
17:38 Castle Age
15:51 Stone Mining
25:45 Gambesons
25:24 Pikeman
28:00 Murder Holes
28:39 Bow Saw
28:32 Gold Mining
30:14 Masonry
30:44 Husbandry
31:59 Ballistics
32:59 Fortified Wall
33:18 Scale Barding Armor
33:13 Scale Mail Armor
33:24 Forging
35:34 Wheelbarrow
39:53 Hand Cart
...CGR...
10:19 Feudal Age
10:43 Horse Collar
10:50 Double-Bit Axe
17:20 Castle Age
18:04 Heavy Plow
18:18 Bow Saw
22:31 Wheelbarrow
24:09 Loom
24:39 Hand Cart
26:03 Town Watch
28:21 Elite Skirmisher
29:30 Padded Archer Armor
29:20 Fletching
37:03 Imperial Age
40:03 Arson
39:40 Pikeman
41:14 Conscription
Connection lost

Rejoining the realm…

Still unreachable

The connection could not be restored.

Session expired

The server has moved on; the page needs a fresh start.